 Dungeon Sprint DCSS version 0.21.1-1-g345015f (webtiles) character file.

16132 Psiloshibe the Deadly Accurate (level 12, -7/111 HPs)
             Began as a Barachi Berserker on June 1, 2018.
             Was a High Priest of Trog.
             Hit by a large rock thrown by a stone giant (31 damage)
             ... in the Dungeon (Sprint IX: "|||||||||||||||||||||||||||||").
             The game lasted 00:15:05 (2514 turns).

Psiloshibe the Deadly Accurate (Barachi Berserker)  Turns: 2514, Time: 00:15:05

Health: -7/111     AC: 17    Str: 22    XL:     12   Next: 34%
Magic:  5/5        EV: 15    Int:  8    God:    Trog [*****.]
Gold:   1298       SH: 19    Dex: 16    Spells: 11/11 levels left

rFire    . . .     SeeInvis .   b - +5 demon whip "Spellbinder" {antimagic, MR+}
rCold    + . .     Gourm    .   T - +1 large shield
rNeg     . . .     Faith    .   y - +4 ring mail {rC+}
rPois    .         Spirit   .   (no helmet)
rElec    .         Reflect  +   U - +1 cloak
rCorr    .         Harm     .   D - +0 pair of gloves
MR       +++..     NoTele   +   o - +0 pair of boots
Stlth    +.........             K - +5 amulet of reflection
HPRegen  1.28/turn              n - +2 ring of evasion
MPRegen  0.09/turn              q - +3 ring of dexterity

@: regenerating, slow
A: +LOS, swims, slowness 1, strong legs 1
a: Hop, Berserk, Trog's Hand, Brothers in Arms, Burn Spellbooks, Renounce
Religion


You were in the Dungeon.
You worshipped Trog.
Trog was extremely pleased with you.
You were not hungry.

You visited 1 branch You collected 1905 gold pieces.
You spent 607 gold pieces at shops.

Inventory:

Hand Weapons
 a - a +0 scimitar of flaming
 b - the +5 demon whip "Spellbinder" (weapon) {antimagic, MR+}
   (Trog gifted it to you in the Dungeon)

   It reduces the magical energy of the wielder, and disrupts the spells and
   magical abilities of those hit.
   Natural abilities and divine invocations are not affected.
   It affects your resistance to hostile enchantments.
 A - a +3 antimagic great sword
 C - a +2 antimagic battleaxe
 H - a +3 great sword of draining
 I - a +0 hand axe of venom
 J - a +2 dire flail of protection
Missiles
 j - 2 throwing nets
 p - 4 curare-tipped needles
 r - 13 javelins of penetration
 s - 9 javelins of returning
 t - 2 poisoned tomahawks
 z - 2 tomahawks of returning
 B - 5 needles of frenzy
 G - a silver javelin (quivered)
 L - 14 poisoned needles
 M - 5 needles of confusion
 N - 10 needles of sleeping
 O - 3 needles of paralysis
Armour
 o - a +0 pair of boots (worn)
 y - a +4 ring mail of cold resistance (worn)
 D - a +0 pair of gloves (worn)
 F - a +2 plate armour of poison resistance
 T - a +1 large shield (worn)
 U - a +1 cloak (worn)
Jewellery
 n - a +2 ring of evasion (left hand)
 q - a +3 ring of dexterity (right hand)
 K - a +5 amulet of reflection (around neck)
 P - an uncursed ring of protection from magic
 Q - an uncursed ring of fire
 R - an uncursed ring of ice
 S - an uncursed ring of protection from fire
Wands
 m - a wand of acid (7)
Scrolls
 i - 3 scrolls of blinking
 l - 4 scrolls of remove curse
 v - 4 scrolls of identify
 w - 2 scrolls of fear
 x - 2 scrolls of enchant armour
Potions
 d - 6 potions of curing
 e - 11 potions of heal wounds
 f - a potion of haste
 g - 4 potions of magic
 h - 3 potions of berserk rage
 k - a potion of invisibility
 u - a potion of brilliance
 E - a potion of might
Comestibles
 c - 10 rations


   Skills:
 + Level 16.1 Fighting
 + Level 14.1 Long Blades
 + Level 14.0 Maces & Flails
 * Level 16.2 Throwing
 + Level 11.0 Armour
 + Level 9.8 Dodging
 + Level 2.1 Stealth
 + Level 1.7 Shields
 * Level 5.5 Evocations


You had 11 spell levels left.
You didn't know any spells.

Dungeon Overview and Level Annotations

Branches:
Dungeon (1/1)

Altars:
Cheibriados
Dithmenos
Elyvilon
Fedhas
Gozag
Hepliaklqana
Kikubaaqudgha
Makhleb
Nemelex Xobeh
Okawaru
Qazlal
Ru
Sif Muna
Trog
Uskayaw
Vehumet
Wu Jian
Xom
Yredelemnul
Zin
The Shining One
Beogh
Jiyva
Lugonu

Shops:
D [=*(

Annotations:
D Sonja


Innate Abilities, Weirdness & Mutations

Shadows flee at your approach. (+LOS)
You can swim through water.
You cover ground slowly.
You can hop short distances.


Message History

Press: ? - help, Shift-Dir - straight line, f/p - stone giant
Aim: a stone giant (moderately wounded)
You throw a silver javelin.
The silver javelin hits the stone giant.
The stone giant is moderately wounded.
You hit the stone giant.
The stone giant is heavily wounded.
You block the stone giant's attack.
You thrash the stone giant!!
The stone giant is severely wounded.
The stone giant hits you!
* * * LOW HITPOINT WARNING * * *
The stone giant throws a large rock.
You reflect the large rock off an invisible shield around you!
The large rock hits the stone giant!
The stone giant throws a large rock.
You reflect the large rock off an invisible shield around you!
The large rock hits the stone giant!
The stone giant throws a large rock.
The large rock hits you!!
You die...

▓[▓.▓)▓.▓.▓.▓_▓
▓[▓.▓)▓.▓†▓.▓_▓
▓[▓.▓)▓.▓÷▓.▓_▓
▓.▓.▓)▓.▓.▓.▓_▓
▓.▓.▓)▓.▓.▓.▓_▓
▓.▓.▓.▓.▓.▓.▓_▓
▓.▓.▓.▓.▓.▓.▓_▓
▓.▓.▓)▓.▓.▓.▓_▓
▓@▓.▓.▓.▓.▓.▓_▓
▓.▓.▓.▓.▓.▓.▓_▓
▓.▓.▓.▓.▓.▓.▓_▓
▓.▓.▓)▓.▓†▓.▓_▓
▓C▓.▓)▓.▓'▓.▓'▓
▓W▓.▓)▓.▓.▓.▓.▓
▓.▓.▓(▓.▓.▓.▓?▓
▓.▓.▓.▓.▓.▓.▓|▓
▓.▓.▓.▓.▓.▓.▓)▓


You could see a stone giant and a hungry ghost.

Vanquished Creatures
  Harold (D)
  A hydra (D)
  Erica (D)
  2 catoblepae (D)
  2 death yaks (D)
  4 orc knights (D)
  An orc sorcerer (D)
  A cyclops (shapeshifter) (D)
  Psyche (D)
  A spiny frog (D)
  2 komodo dragons (D)
  A troll (D)
  A blink frog (D)
  A hippogriff (D)
  A slime creature (D)
  A shadow (D)
  2 yaks (D)
  2 water moccasins (D)
  13 orc warriors (D)
  3 porcupines (D)
  An eye of draining (D)
  An ice beast (D)
  A centaur (D)
  A wolf (D)
  2 crocodiles (D)
  3 bullfrogs (D)
  2 scorpions (D)
  A crimson imp (D)
  A hound (D)
  4 orc priests (D)
  4 orc wizards (D)
  An adder zombie (D)
  A leopard gecko (D)
  7 orcs (D)
  A bat zombie (D)
  A giant cockroach (D)
  2 goblins (D)
  A quokka (D)
  3 frilled lizards (D)
  A rat (D)
81 creatures vanquished.

Vanquished Creatures (collateral kills)
  A hydra (D)
  A two-headed ogre (D)
  A tengu warrior (D)
  3 death yaks (D)
  2 orc knights (D)
  A spiny frog (D)
  A yak (D)
  A wyvern (D)
  4 orc warriors (D)
15 creatures vanquished.

Grand Total: 96 creatures vanquished

Notes
Turn   | Place    | Note
-------+----------+-------------------------------------------
     0 | D        | Psiloshibe the Barachi Berserker began the quest for the Orb.
     0 | D        | Reached XP level 1. HP: 18/18 MP: 1/1
     8 | D        | Reached ** piety under Trog
    10 | D        | Reached skill level 1 in Throwing
    24 | D        | Noticed a hound
    24 | D        | Noticed a scorpion
    24 | D        | Noticed a crimson imp
    32 | D        | Killed a hound
    32 | D        | Reached skill level 5 in Fighting
    32 | D        | Reached skill level 5 in Long Blades
    32 | D        | Reached XP level 2. HP: 6/27 MP: 2/2
    32 | D        | Reached XP level 3. HP: 7/33 MP: 3/3
   156 | D        | Killed a scorpion
   156 | D        | Reached XP level 4. HP: 18/41 MP: 4/4
   164 | D        | Reached *** piety under Trog
   171 | D        | Reached XP level 5. HP: 27/48 MP: 5/5
   186 | D        | Found a roughly hewn altar of Beogh.
   186 | D        | Found a snail-covered altar of Cheibriados.
   186 | D        | Found a shadowy altar of Dithmenos.
   186 | D        | Found a white marble altar of Elyvilon.
   186 | D        | Found a blossoming altar of Fedhas.
   186 | D        | Found an opulent altar of Gozag.
   186 | D        | Found a hazy altar of Hepliaklqana.
   187 | D        | Found a viscous altar of Jiyva.
   188 | D        | Found an ancient bone altar of Kikubaaqudgha.
   189 | D        | Found a corrupted altar of Lugonu.
   190 | D        | Found a burning altar of Makhleb.
   191 | D        | Found a sparkling altar of Nemelex Xobeh.
   192 | D        | Found an iron altar of Okawaru.
   193 | D        | Found a stormy altar of Qazlal.
   195 | D        | Found a sacrificial altar of Ru.
   196 | D        | Found a deep blue altar of Sif Muna.
   197 | D        | Found a bloodstained altar of Trog.
   198 | D        | Found a hide-covered altar of Uskayaw.
   199 | D        | Found a radiant altar of Vehumet.
   200 | D        | Found an ornate altar of the Wu Jian Council.
   201 | D        | Found a shimmering altar of Xom.
   202 | D        | Found a basalt altar of Yredelemnul.
   203 | D        | Found a glowing silver altar of Zin.
   204 | D        | Found a glowing golden altar of the Shining One.
   265 | D        | Received a gift from Trog
   265 | D        | Reached **** piety under Trog
   271 | D        | Reached skill level 1 in Maces & Flails
   271 | D        | Reached skill level 5 in Throwing
   271 | D        | Reached XP level 6. HP: 19/57 MP: 6/6
   272 | D        | Received a gift from Trog
   448 | D        | Noticed an eye of draining
   448 | D        | Noticed a tengu warrior
   448 | D        | Noticed a wyvern
   448 | D        | Noticed a two-headed ogre
   450 | D        | Reached skill level 5 in Armour
   454 | D        | Killed an eye of draining
   454 | D        | Reached skill level 10 in Long Blades
   454 | D        | Reached skill level 5 in Dodging
   454 | D        | Reached XP level 7. HP: 40/65 MP: 0/7
   460 | D        | Killed a tengu warrior
   460 | D        | Reached XP level 8. HP: 54/75 MP: 1/8
   462 | D        | Killed a wyvern
   462 | D        | Received a gift from Trog
   464 | D        | Killed a two-headed ogre
   582 | D        | Noticed a komodo dragon
   582 | D        | Noticed a blink frog
   593 | D        | Noticed a yak
   593 | D        | Received a gift from Trog
   593 | D        | Reached XP level 9. HP: 78/84 MP: 9/9
   599 | D        | Killed a komodo dragon
   599 | D        | Reached skill level 5 in Maces & Flails
   600 | D        | Reached ***** piety under Trog
   607 | D        | Received a gift from Trog
   616 | D        | Received a gift from Trog
   633 | D        | Noticed a spiny frog
   633 | D        | Noticed a death yak
   633 | D        | Noticed a five-headed hydra
   637 | D        | Received a gift from Trog
   639 | D        | Noticed a spiny frog
   640 | D        | Killed a spiny frog
   640 | D        | Reached skill level 10 in Throwing
   641 | D        | Received a gift from Trog
   643 | D        | Reached XP level 10. HP: 50/94 MP: 10/10
   647 | D        | Killed a death yak
   648 | D        | Killed a five-headed hydra
   649 | D        | Killed a spiny frog
   649 | D        | Reached skill level 10 in Maces & Flails
   673 | D        | Noticed a catoblepas
   673 | D        | Noticed a death yak
   673 | D        | Noticed a catoblepas
   673 | D        | Noticed a death yak
   673 | D        | Noticed a death yak
   681 | D        | Noticed a death yak
   689 | D        | Killed a catoblepas
   689 | D        | Killed a death yak
   689 | D        | Received a gift from Trog
   691 | D        | Killed a catoblepas
   691 | D        | Received a gift from Trog
   691 | D        | Reached skill level 1 in Evocations
   691 | D        | Reached XP level 11. HP: 50/101 MP: 11/11
   691 | D        | Killed a death yak
   691 | D        | Reached skill level 15 in Fighting
   696 | D        | Killed a death yak
   697 | D        | Killed a death yak
   697 | D        | Received a gift from Trog
   697 | D        | Reached skill level 10 in Armour
   912 | D        | Noticed Erica
   923 | D        | Killed Erica
   966 | D        | Noticed Harold
   972 | D        | Killed Harold
   972 | D        | Reached skill level 1 in Stealth
  1042 | D        | Received a gift from Trog
  1043 | D        | Received a gift from Trog
  1052 | D        | Noticed an orc knight
  1057 | D        | Received a gift from Trog
  1057 | D        | Reached ****** piety under Trog
  1072 | D        | Killed an orc knight
  1072 | D        | Received a gift from Trog
  1134 | D        | Noticed an orc knight
  1139 | D        | Received a gift from Trog
  1141 | D        | Noticed an orc sorcerer
  1141 | D        | Killed an orc knight
  1149 | D        | Received a gift from Trog
  1161 | D        | Paralysed by an orc sorcerer for 2 turns
  1165 | D        | Killed an orc sorcerer
  1193 | D        | Received a gift from Trog
  1246 | D        | Found Tyergh's Armour Emporium.
  1246 | D        | Noticed an orc knight
  1246 | D        | Noticed an orc knight
  1248 | D        | Reached skill level 15 in Throwing
  1250 | D        | Received a gift from Trog
  1251 | D        | Found the +5 demon whip "Spellbinder" {antimagic, MR+}
  1254 | D        | Noticed an orc knight
  1255 | D        | Killed an orc knight
  1256 | D        | Found Mifia's Jewellery Shoppe.
  1257 | D        | Killed an orc knight
  1257 | D        | Reached XP level 12. HP: 57/111 MP: 12/14
  1272 | D        | Received a gift from Trog
  1289 | D        | Found Sox Ceej's General Store.
  1293 | D        | Found Wyovoor's Antique Weapon Shoppe.
  1325 | D        | Bought a +5 amulet of reflection for 535 gold pieces
  1657 | D        | Noticed Sonja
  1658 | D        | Noticed Psyche
  1663 | D        | Killed Psyche
  1863 | D        | Bought 14 poisoned needles for 72 gold pieces
  2495 | D        | Noticed an eight-headed hydra
  2497 | D        | Received a gift from Trog
  2500 | D        | Noticed a stone giant
  2501 | D        | Received a gift from Trog
  2504 | D        | Killed an eight-headed hydra
  2504 | D        | Reached skill level 1 in Shields
  2504 | D        | Reached skill level 5 in Evocations
  2514 | D        | Hit by a large rock thrown by a stone giant

Skill      XL: |  1  2  3  4  5  6  7  8  9 10 11 12 |
---------------+-------------------------------------+-----
Fighting       | 5 6 7 8 9 11 12 14 15 16 | 16.1
Long Blades    | 5 6 7 8 10 11 12 13 14 | 14.1
Throwing       | 2 3 5 6 7 8 10 12 15 16 | 16.2
Armour         | 3 4 5 6 8 9 10 11 | 11.0
Dodging        | 3 4 5 6 7 8 9 |  9.8
Maces & Flails | 1 2 3 4 8 11 13 14 | 14.0
Evocations     | 1 3 5 |  5.5
Stealth        | 1 2 |  2.1
Shields        | 1 |  1.7

Action                   |  1- 3 |  4- 6 |  7- 9 | 10-12 || total
-------------------------+-------+-------+-------+-------++-------
Melee: Falchion          |    27 |    19 |       |       ||    46
       Dire flail        |       |    10 |    31 |    88 ||   129
       Scimitar          |       |       |       |    18 ||    18
       Demon whip        |       |       |       |     2 ||     2
Throw: Javelin           |       |     9 |     8 |    36 ||    53
       Tomahawk          |       |       |       |    18 ||    18
       Throwing net      |       |       |       |     4 ||     4
Invok: Trog's Hand       |     2 |     4 |     2 |     4 ||    12
       Brothers in Arms  |       |       |     1 |     6 ||     7
 Abil: Hop               |       |       |       |     1 ||     1
Evoke: Wand              |       |       |       |     3 ||     3
  Eat: Chunk             |       |       |     3 |     8 ||    11
       Ration            |       |       |       |     1 ||     1
Armor: Animal skin       |     1 |     6 |       |       ||     7
       Ring mail         |       |     9 |    13 |    41 ||    63
Dodge: Dodged            |    15 |    21 |    35 |    74 ||   145
Block: Large shield      |       |       |       |    21 ||    21
       Other             |       |       |       |     8 ||     8
       Reflection        |       |       |       |     3 ||     3
       Rpst.: Falchion   |     6 |     3 |       |       ||     9
       Scimitar          |       |       |       |     3 ||     3
